 Dungeon Crawl Stone Soup version 0.31-a0-845-g9abc20d24f (webtiles) character file.

Game seed: 1387134491336318185

2254 Kurtz the Cleaver (level 9, -2/61 HPs)
             Began as an Octopode Fighter on Oct 2, 2023.
             Was a Believer of Okawaru.
             Killed from afar by an orc wizard (11 damage)
             ... with a puff of flame
             ... on level 7 of the Dungeon.
             The game lasted 00:05:38 (6712 turns).

Kurtz the Cleaver (Octopode Fighter)                Turns: 6712, Time: 00:05:40

Health: -2/61      AC:  1    Str: 17    XL:     9   Next: 37%
Magic:  10/10      EV: 15    Int: 11    God:    Okawaru [**....]
Gold:   375        SH:  5    Dex: 13    Spells: 8/8 levels left

rFire   . . .        y - +0 hand axe (venom)
rCold   . . .        b - +0 buckler
rNeg    . . .        (helmet restricted)
rPois   .            (no amulet)
rElec   .            e - ring of resist corrosion
rCorr   +            (no ring)
SInv    .            (no ring)
Will    .....        (no ring)
Stlth   ++           (no ring)
HPRegen 0.30/turn    (no ring)
MPRegen 0.12/turn    (no ring)
                     (no ring)

%: no passive effects
@: no status effects
A: almost no armour, amphibious, 8 rings, camouflage 1, gelatinous body 1,
(nimble swimmer 1), tentacles
a: Renounce Religion, Heroism


You were on level 7 of the Dungeon.
You worshipped Okawaru.
Okawaru was pleased with you.
You visited 1 branch of the dungeon, and saw 7 of its levels.

You collected 440 gold pieces.
You spent 65 gold pieces at shops.

Inventory:

Hand Weapons
 a - a +0 war axe
 y - a +0 hand axe of venom (weapon)
 D - a +0 flail of protection
Missiles
 d - 9 poisoned darts
 m - 11 boomerangs
 E - 2 throwing nets
Armour
 b - a +0 buckler (worn)
Jewellery
 e - a ring of resist corrosion (left tentacle)
 j - a ring of fire
Wands
 p - a wand of flame (11)
 r - a wand of light (9) (quivered)
 s - a wand of digging (6)
 w - a wand of roots (8)
Scrolls
 c - a scroll of torment {unknown}
 h - 7 scrolls of identify {unknown}
 n - a scroll of blinking {unknown}
 o - 2 scrolls of summoning {unknown}
 q - a scroll of enchant armour {unknown}
 u - a scroll of amnesia {unknown}
 v - a scroll of fear {unknown}
 B - a scroll of immolation {unknown}
 C - a scroll of vulnerability {unknown}
Potions
 f - 2 potions of curing
 g - 3 potions of lignification {unknown}
 i - a potion of haste {unknown}
 k - a potion of mutation {unknown}
 l - a potion of invisibility {unknown}
 t - a potion of attraction {unknown}
 x - 3 potions of heal wounds
 z - a potion of brilliance {unknown}
 A - a potion of enlightenment {unknown}


   Skills:
 * Level 5.2 Fighting
 * Level 9.2 Axes
 * Level 5.8 Dodging
 * Level 5.3 Shields
 - Level 2.2 Invocations


You had 8 spell levels left.
You didn't know any spells.
Your spell library contained the following spells:

 Spells                   Type           Power      Damage    Failure   Level
 Kiss of Death            Conj/Necr      0%         2d5       41%         1
 Poisonous Vapours        Pois/Air       0%         N/A       54%         2
 Confusing Touch          Hex            0%         N/A       78%         3
 Hailstorm                Conj/Ice       0%         3d3       78%         3
 Mephitic Cloud           Conj/Pois/Air  0%         N/A       78%         3
 Dispel Undead            Necr           0%         3d6       99%         4
 Passage of Golubria      Tloc           0%         N/A       99%         4
 Freezing Cloud           Conj/Ice/Air   0%         6-21      100%        5
 Silence                  Hex/Air        0%         N/A       100%        5
 Lehudib's Crystal Spear  Conj/Erth      0%         10d2      100%        8
 Summon Ice Beast         Ice/Summ       Unusable   N/A       N/A         4
 Simulacrum               Ice/Necr       Unusable   N/A       N/A         6

Dungeon Overview and Level Annotations

Branches:
Dungeon (7/15)             Temple (0/1) D:6

Altars:
Okawaru
Uskayaw
Xom
Yredelemnul

Shops:
D:4 :   D:5 (   D:7 !

Annotations:
D:6 exclusion: downstairs


Innate Abilities, Weirdness & Mutations

You cannot wear most types of armour.
You are amphibious.
You can wear up to eight rings at the same time.
Your skin changes colour to match your surroundings (Stealth+).
Your rubbery body absorbs attacks. (AC +1, EV +1)
((You are camouflaged when in or above water. (Stealth+)))
You have tentacles for arms and can constrict up to eight enemies at once.


Message History

A puff of flame appears from out of thin air!
The puff of flame hits you!
The orc throws a boomerang.
The boomerang closely misses you.
You hear some strange, mumbled words.
Something tries to affect you, but you resist.
Something hits you. Something hits you. Something closely misses you.
You feel less confused. Something hits you.
* * * LOW HITPOINT WARNING * * *
You block something's attack.
You barely miss the orc. Your grab misses the orc.
You hit something but do no damage. You barely miss something.
Something hits you.
* * * LOW HITPOINT WARNING * * *
Something hits you.
* * * LOW HITPOINT WARNING * * *
The orc closely misses you.
You feel better. Something hits you.
* * * LOW HITPOINT WARNING * * *
The orc misses you. Something hits you.
* * * LOW HITPOINT WARNING * * *
You barely miss the orc. You grab the orc. You squeeze the orc.
The orc is lightly wounded.
You hit something but do no damage. You barely miss something.
You constrict the orc, but do no damage.
Okawaru accepts your kill.
Reactivating autopickup.
You feel a bit more experienced. Something hits you.
* * * LOW HITPOINT WARNING * * *
Deactivating autopickup; reactivate with Ctrl-A.
You block the orc's attack.
You hit the orc.
The orc is moderately wounded.
You hit something but do no damage.
You constrict the orc, but do no damage.
You hear some strange, mumbled words.
A puff of flame appears from out of thin air!
The puff of flame hits you!
You die...

#### #######..
#.......# #.......#
#.......# #.....).#
. #...o)).########.
.
#...@{.............
#......#......##.#
#######..........#
#..........#
###......#.#
###......# #.##...#
## #.###.####..
#...........


You could see an orc.

Vanquished Creatures
  6 yaks
  2 sky beasts (D:6)
  A black bear (D:4)
  2 phantoms
  A scorpion (D:4)
  A vampire bat (D:5)
  5 hounds
  A jelly (D:5)
  A gnoll bouda (D:7)
  2 orc priests (D:7)
  4 iguanas
  5 orc wizards
  A sleepcap (D:6)
  4 gnolls (D:7)
  9 adders
  3 white imps
  2 worms
  3 dart slugs
  3 fire bats (D:5)
  25 orcs
  2 spectral bats (D:5)
  8 ball pythons
  3 bat skeletons (D:5)
  A bat zombie (D:5)
  5 endoplasms
  2 giant cockroaches
  5 goblins
  6 hobgoblins
  6 quokkas
  17 bats
  A bat simulacrum (D:5)
  2 frilled lizards (D:1)
  9 kobolds
  8 rats
156 creatures vanquished.

Notes
Turn   | Place    | Note
-------+----------+-------------------------------------------
     0 | D:1      | Kurtz the Octopode Fighter began the quest for the Orb.
     0 | D:1      | Reached XP level 1. HP: 16/16 MP: 1/1
   159 | D:1      | Reached XP level 2. HP: 14/21 MP: 2/2
   282 | D:1      | Reached skill level 3 in Axes
   973 | D:2      | Reached XP level 3. HP: 26/26 MP: 3/3
  1577 | D:2      | Reached skill level 4 in Axes
  1631 | D:2      | You fall into a shaft and drop 1 floor!
  1739 | D:3      | Reached XP level 4. HP: 22/31 MP: 4/4
  2448 | D:4      | Found Ucwunon's Self-Published Books.
  2456 | D:4      | Reached skill level 5 in Axes
  2456 | D:4      | Reached XP level 5. HP: 36/36 MP: 5/5
  2637 | D:4      | Noticed a black bear
  2645 | D:4      | Killed a black bear
  2646 | D:4      | Reached skill level 6 in Axes
  2646 | D:4      | Reached XP level 6. HP: 27/42 MP: 6/6
  2810 | D:4      | Identified the +3 leather armour "Memacvea" {Int+5}
  3025 | D:5      | Entered Level 5 of the Dungeon
  3147 | D:5      | Reached XP level 7. HP: 47/47 MP: 7/7
  3220 | D:5      | Found an iron altar of Okawaru.
  3228 | D:5      | Became a worshipper of Warmaster Okawaru
  3505 | D:5      | Reached skill level 7 in Axes
  3781 | D:5      | Reached skill level 1 in Invocations
  3854 | D:5      | Found Norch's Weapon Shop.
  4320 | D:5      | Reached * piety under Okawaru
  4383 | D:6      | Reached skill level 8 in Axes
  4546 | D:6      | Reached XP level 8. HP: 54/54 MP: 9/9
  4719 | D:6      | Found a staircase to the Ecumenical Temple.
  5259 | D:7      | Reached skill level 5 in Fighting
  5316 | D:7      | Noticed a yak
  5316 | D:7      | Noticed a yak
  5316 | D:7      | Noticed a yak
  5316 | D:7      | Noticed a yak
  5316 | D:7      | Noticed a yak
  5316 | D:7      | Noticed a yak
  5339 | D:6      | Killed a yak
  5340 | D:6      | Reached skill level 9 in Axes
  5495 | D:6      | Killed a yak
  5578 | D:6      | Killed a yak
  5590 | D:6      | Killed a yak
  5591 | D:6      | Reached XP level 9. HP: 12/61 MP: 8/10
  5821 | D:7      | Reached ** piety under Okawaru
  5822 | D:7      | Reached skill level 5 in Dodging
  5829 | D:7      | Reached skill level 5 in Shields
  5990 | D:7      | Found a shimmering altar of Xom.
  6065 | D:7      | Found Raumn's Distillery.
  6091 | D:7      | Bought a potion of heal wounds for 65 gold pieces
  6167 | D:7      | Found a basalt altar of Yredelemnul.
  6457 | D:7      | Noticed a +0 spear
  6457 | D:7      | Noticed a +0 short sword
  6458 | D:7      | Noticed a +0 falchion
  6459 | D:7      | Noticed a +0 falchion
  6459 | D:7      | Noticed a +0 dagger
  6459 | D:7      | Noticed a +0 dagger
  6459 | D:7      | Noticed a +0 short sword
  6460 | D:7      | Noticed a +0 spear
  6461 | D:7      | Found a hide-covered altar of Uskayaw.
  6712 | D:7      | Killed from afar by an orc wizard

Illustrated notes

Levels and vault maps discovered:
D:1:      minmay_arrival_nine_rooms, layout_basic
D:2:      layout_loops_ring, serial_rivers, chequers_serial_rivers_small_b,
          chequers_serial_rivers_micro_d, chequers_serial_rivers_micro_e,
          chequers_serial_rivers_micro_d
D:3:      layout_loops_cross
D:4:      layout_basic, kennysheep_big_empty_room, nicolae_custom_books
D:5:      layout_cave_pods, okawaru_ov_weapons_minmay, serial_shops, shop,
          goddamned_bats
D:6:      layout_loops_ring, minmay_temple_entry_junction,
          amcnicky_mini_rare_corridor_liquid
D:7:      layout_basic, mainiacjoe_overflow_surrounded_room,
          nicolae_uskayaw_en_pointe, mainiacjoe_overflow_alcove_2,
          serial_curves, eino_curves_02, eino_curves_02, serial_shops, shop,
          minmay_misc_feat_chi

Skill      XL: |  1  2  3  4  5  6  7  8  9 |
---------------+----------------------------+-----
Axes           | 3 4 5 6 8 9 |  9.2
Fighting       | 4 5 |  5.2
Invocations    | 1 2 |  2.2
Dodging        | 4 5 |  5.8
Shields        | 4 5 |  5.3

Action                     |  1- 3 |  4- 6 |  7- 9 || total
---------------------------+-------+-------+-------++-------
  Melee: War axe           |    79 |    76 |    61 ||   216
         Tentacles         |    16 |    22 |    46 ||    84
         Constrict         |    13 |    25 |    40 ||    78
         Hand axe          |       |       |   136 ||   136
         Punch             |       |       |     4 ||     4
  Throw: Dart              |       |     5 |       ||     5
 Invoke: Heroism           |       |       |     3 ||     3
  Evoke: Wand              |       |       |     6 ||     6
    Use: Potion            |       |       |     4 ||     4
   Stab: Sleeping          |    14 |     5 |     5 ||    24
         Distracted        |     1 |       |       ||     1
         Invisible         |       |       |     2 ||     2
 Armour: Skin              |    44 |    23 |   115 ||   182
  Dodge: Dodged            |    37 |    39 |   134 ||   210
  Block: Buckler           |    14 |    15 |    33 ||    62

Table legend: (Time is in decaauts)
 A = Elapsed time spent in this place.
 B = Non-inter-level travel time spent in this place.
 C = Inter-level travel time spent in this place.
 D = Time resting spent in this place.
 E = Time spent auto-exploring this place.
 F = Levels seen in this place.
 G = Mean time per level.
                   A        B        C        D        E       F      G
               +--------+--------+--------+--------+--------+-----+--------+
         Total |   6757 |   6476 |    281 |   1255 |   4188 |   7 |  965.3 |
       Dungeon |   6757 |   6476 |    281 |   1255 |   4188 |   7 |  965.3 |
               +--------+--------+--------+--------+--------+-----+--------+

Top non-repeatable levels by time:
     D:6: 1475 daAuts
     D:5: 1195 daAuts
     D:7: 1013 daAuts
     D:1: 946 daAuts
     D:2: 875 daAuts
     D:3: 660 daAuts
     D:4: 590 daAuts
